 Dungeon Crawl Stone Soup version 0.26-a0-737-g4e9f4955e2 (webtiles) character file.

Game seed: 9930535981220498719

42 Ghinea the Caller (level 3, -2/24 HPs)
             Began as a Human Summoner on Nov 4, 2020.
             Succumbed to kobold's curare-tipped dart
             ... on level 3 of the Dungeon.
             The game lasted 00:10:44 (2562 turns).

Ghinea the Caller (Human Summoner)                  Turns: 2562, Time: 00:10:45

Health: -2/24      AC:  2    Str:  8    XL:     3   Next: 80%
Magic:  1/6        EV: 12    Int: 16    God:
Gold:   56         SH:  0    Dex: 13    Spells: 1/7 levels left

rFire    . . .     SeeInvis .   b - +0 short sword
rCold    . . .     Faith    .   (no shield)
rNeg     . . .     Spirit   .   d - +0 robe
rPois    .         Reflect  .   (no helmet)
rElec    .         Harm     .   (no cloak)
rCorr    .         Rampage  .   (no gloves)
MR       .....                  (no boots)
Stlth    ++........             (no amulet)
HPRegen  0.08/turn              (no ring)
MPRegen  0.10/turn              (no ring)

@: lethally poisoned (-2 -> -29), slowed, very slow
A: no striking features
a: no special abilities


You were on level 3 of the Dungeon.
You visited 1 branch of the dungeon, and saw 3 of its levels.

You collected 56 gold pieces.

Inventory:

Hand Weapons
 b - a +0 short sword (weapon)
Missiles
 n - 2 silver boomerangs (quivered)
Armour
 d - a +0 robe (worn)
Scrolls
 f - a scroll of amnesia {unknown}
 h - a scroll of enchant armour {unknown}
 m - 4 scrolls of identify {unknown}
 o - a scroll of fear {unknown}
 p - 2 scrolls of magic mapping {unknown}
 r - a scroll of teleportation {unknown}
Potions
 c - 5 potions of heal wounds
 e - 2 potions of ambrosia {unknown}
 g - 2 potions of lignification {unknown}
 i - 3 potions of curing {unknown}
 j - 2 potions of might {unknown}
 k - a potion of flight {unknown}
 l - a potion of stabbing {unknown}
 q - a potion of brilliance {unknown}


   Skills:
 - Level 0.2 Short Blades
 + Level 2.1 Dodging
 + Level 2.0 Stealth
 + Level 2.5 Spellcasting
 * Level 4.7 Summonings


You had one spell level left.
You knew the following spells:

 Your Spells              Type           Power        Failure   Level
a - Summon Small Mammal   Summ           ###.         2%          1
b - Call Imp              Summ           ###.....     4%          2
c - Call Canine Familiar  Summ           ###.....     9%          3

Your spell library contained the following spells:

 Spells                   Type           Power        Failure   Level
 Summon Guardian Golem    Hex/Summ       #.......     22%         3
 Summon Ice Beast         Ice/Summ       #.......     58%         4
 Summon Lightning Spire   Summ/Air       #.......     58%         4


Dungeon Overview and Level Annotations

Branches:
Dungeon (3/15)

Altars:
Hepliaklqana
Vehumet
Yredelemnul


Message History

You are more poisoned.
You have difficulty breathing.
You feel as though you will be slow longer.
You swap places.
* * * LOW HITPOINT WARNING * * *
You feel very sick. What are your orders? t - Shout!
Orders for allies: a - Attack new target. r - Retreat! s - Stop attacking. g - Guard the area. f - Follow me.
Anything else - Cancel.
Gang up on whom?
Press: ? - help, Dir - move target cursor, f - you Really target yourself?
Okay, then.
* * * LOW HITPOINT WARNING * * *
You feel very sick.
You swap places.
You die...

.. .... #. K.
.... #.##
.###..
..#...#...
..._ b..# #..
..# #.
##.###.#
#..#...#b5#
#......@5.#
#........##
#######.######
#<......#
#######.#


You could see a friendly crimson imp (summoned), a friendly white imp (summoned)
and a friendly bat (summoned).

Vanquished Creatures
  2 jackals
  2 bats (D:1)
4 creatures vanquished.

Vanquished Creatures (collateral kills)
  An adder (D:2)
  A worm (D:2)
  A dart slug (D:2)
  3 leopard geckos (D:1)
  2 giant cockroaches
  5 goblins
  3 hobgoblins
  9 jackals
  A quokka (D:2)
  5 bats
  2 frilled lizards
  3 kobolds
  3 rats
39 creatures vanquished.

Grand Total: 43 creatures vanquished

Notes
Turn   | Place    | Note
-------+----------+-------------------------------------------
     0 | D:1      | Ghinea the Human Summoner began the quest for the Orb.
     0 | D:1      | Reached XP level 1. HP: 13/13 MP: 3/3
   264 | D:1      | Reached XP level 2. HP: 14/19 MP: 0/5
  1090 | D:1      | Reached XP level 3. HP: 18/24 MP: 4/6
  1471 | D:2      | Learned a level 2 spell: Call Imp
  1565 | D:2      | Found a basalt altar of Yredelemnul.
  2210 | D:2      | Found a hazy altar of Hepliaklqana.
  2534 | D:2      | Learned a level 3 spell: Call Canine Familiar
  2553 | D:3      | Found a radiant altar of Vehumet.
  2561 | D:3      | HP: 1/24 [poisoned by kobold (curare-tipped dart)]
  2562 | D:3      | Succumbed to kobold's curare-tipped dart

Illustrated notes

Levels and vault maps discovered:
D:1:      minmay_arrival_pointy, layout_basic
D:2:      layout_basic, old_standard_altar, nicolae_overflow_crystal_walls
D:3:      layout_basic, vehumet_crystals, portal_sewer_entry_a

Action                   || total
-------------------------++-------
Melee: Short sword       ||    28
 Cast: Summon Small Mamm ||    48
       Call Imp          ||    25
  Use: Potion            ||     1
 Stab: Sleeping          ||     1
Armor: Robe              ||    23
Dodge: Dodged            ||    77

Table legend: (Time is in decaauts)
 A = Elapsed time spent in this place.
 B = Non-inter-level travel time spent in this place.
 C = Inter-level travel time spent in this place.
 D = Time resting spent in this place.
 E = Time spent auto-exploring this place.
 F = Levels seen in this place.
 G = Mean time per level.
                   A        B        C        D        E       F      G
               +--------+--------+--------+--------+--------+-----+--------+
         Total |   2565 |   2462 |    103 |    245 |   1402 |   3 |  855.0 |
       Dungeon |   2565 |   2462 |    103 |    245 |   1402 |   3 |  855.0 |
               +--------+--------+--------+--------+--------+-----+--------+

Top non-repeatable levels by time:
     D:1: 1469 daAuts
     D:2: 1085 daAuts
     D:3: 11 daAuts
